Warning! The script has encountered some errors when parsing the replay. Please report them to the . » details
0x00, prev: 0x16: 16 02 01 00 3B 4D 00 00 02 CC 00 00 [00] 00 00 00 00 00 00 00 00 00 00 00 00 00 00 00 00 00 00 00 00 00 00 00 02 00
0x00, prev: 0x00: 16 02 01 00 3B 4D 00 00 02 CC 00 00 00 00 00 00 00 00 00 00 00 00 00 00 00 00 00 00 00 00 00 00 00 00 [00] 00 02 00
0x00, prev: 0x04: 16 02 01 00 64 42 00 00 3C D4 00 00 00 00 00 00 00 00 00 00 00 00 00 00 00 00 00 00 00 00 00 00 00 00 00 00 04 [00]
0x00, prev: 0x02: 16 02 01 00 3B 4D 00 00 02 CC 00 00 00 00 00 00 00 00 00 00 00 00 00 00 00 00 00 00 00 00 00 00 00 00 00 00 02 [00]
General information
- name: BNet
- type: Ladder team game (AT/RT)
- host: Battle.net
- saver: brucewillisusa
map: Highperch
- players: 6
- length: 15:10
- speed: Fast
- version: 1.23 W3XP
- replay type: Public
» download(83 KB)
Players
team 1 (winner)

»
Silva (
teal | 36 APM | 540 actions | 15:09)
3 Far Seer
2 Feral Spirit
1 Far Sight
» actions
| Basic commands | 21 | |
| Build / train | 42 | |
| Enter build submenu | 12 | |
| Enter hero's abilities submenu | 3 | |
| Right click | 227 | |
| Select / deselect | 205 | |
| Use ability | 30 | |
540 total
» units
| Peon | 9 | |
| Grunt | 5 | |
| Demolisher | 3 | |
| Wind Rider | 6 | |
| Troll Headhunter/Berserker | 2 | |
| Kodo Beast | 1 | |
26 total
» upgrades
| Armor | 1 | |
| Ranged Weapons | 2 | |
| Spiked Barricades | 1 | |
| Envenomed Spears | 1 | |
| Burning Oil | 1 | |
| Berserker Upgrade | 1 | |
| Troll Regeneration | 1 | |
| War Drums Damage Increase | 1 | |
9 total
» buildings
| Altar of Storms | 1 | |
| Orc Burrow | 6 | |
| Barracks | 1 | |
| Voodoo Lounge | 1 | |
| War Mill | 1 | |
| Stronghold | 1 | |
| Fortress | 1 | |
| Beastiary | 2 | |
14 total
» build order
00:09 Altar of Storms
00:12 Orc Burrow
00:57 Barracks
01:46 Orc Burrow
02:35 Voodoo Lounge
02:49 War Mill
04:10 Orc Burrow
04:15 Stronghold
05:33 Orc Burrow
07:55 Fortress
08:05 Beastiary
09:07 Beastiary
09:13 Orc Burrow
12:54 Orc Burrow
» items

»
brucewillisusa (
blue | 59 APM | 896 actions | 15:10)
7 Blademaster
3 Wind Walk
3 Critical Strike
1 Bladestorm
» actions
| Assign group hotkey | 35 | |
| Basic commands | 6 | |
| Build / train | 62 | |
| ESC pressed | 1 | |
| Enter build submenu | 21 | |
| Enter hero's abilities submenu | 7 | |
| Give item / drop item | 3 | |
| Right click | 375 | |
| Select / deselect | 89 | |
| Select group hotkey | 238 | |
| Use ability | 59 | |
896 total
» units
| Peon | 13 | |
| Wind Rider | 6 | |
| Troll Batrider | 3 | |
22 total
» upgrades
| Ranged Weapons | 3 | |
| Envenomed Spears | 1 | |
| Liquid Fire | 1 | |
| Armor | 2 | |
| Reinforced Defenses | 1 | |
8 total
» buildings
| Altar of Storms | 1 | |
| Orc Burrow | 7 | |
| War Mill | 1 | |
| Voodoo Lounge | 2 | |
| Watch Tower | 10 | |
| Stronghold | 1 | |
| Fortress | 1 | |
| Beastiary | 3 | |
26 total
» build order
00:18 Altar of Storms
00:25 Orc Burrow
00:53 War Mill
00:58 Voodoo Lounge
01:01 Voodoo Lounge
01:57 Orc Burrow
02:41 Watch Tower
02:45 Watch Tower
03:15 Stronghold
05:47 Fortress
05:49 Beastiary
05:50 Beastiary
05:50 Beastiary
06:27 Orc Burrow
06:27 Orc Burrow
14:02 Orc Burrow
14:02 Orc Burrow
14:03 Orc Burrow
14:06 Watch Tower
14:07 Watch Tower
14:07 Watch Tower
14:08 Watch Tower
14:25 Watch Tower
14:26 Watch Tower
14:26 Watch Tower
14:27 Watch Tower
» items
| Lesser Clarity Potion | 4 | |
| Healing Salve | 2 | |
| Boots of Speed | 1 | |
| Staff of Teleportation | 1 | |
| Orb of Lightning | 1 | |
9 total

»
zeke06 (
purple | 46 APM | 703 actions | 15:09)
2 Blademaster
1 Wind Walk
1 Critical Strike
» actions
| Assign group hotkey | 4 | |
| Basic commands | 62 | |
| Build / train | 32 | |
| Enter build submenu | 15 | |
| Enter hero's abilities submenu | 2 | |
| Right click | 329 | |
| Select / deselect | 94 | |
| Select group hotkey | 127 | |
| Use ability | 38 | |
703 total
» units
» upgrades
| Melee Weapons | 2 | |
| Spiked Barricades | 1 | |
| Reinforced Defenses | 1 | |
| Berserker Strength | 1 | |
| Shaman Training | 1 | |
6 total
» buildings
| Altar of Storms | 1 | |
| Orc Burrow | 5 | |
| Voodoo Lounge | 1 | |
| War Mill | 1 | |
| Barracks | 1 | |
| Watch Tower | 2 | |
| Stronghold | 1 | |
| Fortress | 1 | |
| Tauren Totem | 2 | |
| Spirit Lodge | 1 | |
16 total
» build order
00:16 Altar of Storms
00:20 Orc Burrow
01:27 Voodoo Lounge
01:47 War Mill
01:57 Orc Burrow
02:37 Barracks
03:21 Watch Tower
04:09 Stronghold
04:54 Orc Burrow
06:25 Orc Burrow
07:10 Fortress
07:14 Watch Tower
09:54 Tauren Totem
09:57 Tauren Totem
10:30 Spirit Lodge
10:39 Orc Burrow
» items
| Healing Salve | 2 | |
| Lesser Clarity Potion | 2 | |
| Scroll of Town Portal | 1 | |
| Boots of Speed | 1 | |
| Orb of Lightning | 1 | |
| Potion of Mana | 1 | |
8 total
team 2 (loser)

»
moondoggie028 (
orange | 76 APM | 867 actions | 11:20)
2 Archmage
1 Summon Water Elemental
1 Brilliance Aura
1 Mountain King
1 Storm Bolt
» actions
| Assign group hotkey | 18 | |
| Build / train | 37 | |
| ESC pressed | 2 | |
| Enter build submenu | 17 | |
| Enter hero's abilities submenu | 3 | |
| Remove unit from queue | 1 | |
| Right click | 394 | |
| Select / deselect | 150 | |
| Select group hotkey | 209 | |
| Use ability | 36 | |
867 total
» units
| Peasant | 11 | |
| Rifleman | 7 | |
| Mortar Team | 3 | |
21 total
» upgrades
| Gunpowder | 2 | |
| Long Rifles | 1 | |
| Flare | 1 | |
4 total
» buildings
| Farm | 7 | |
| Altar of Kings | 1 | |
| Blacksmith | 1 | |
| Barracks | 1 | |
| Scout Tower | 1 | |
| Arcane Tower | 1 | |
| Keep | 1 | |
| Lumber Mill | 1 | |
| Arcane Vault | 1 | |
| Workshop | 3 | |
| Castle | 1 | |
19 total
» build order
00:34 Farm
00:38 Altar of Kings
01:03 Blacksmith
01:11 Farm
01:26 Barracks
01:45 Scout Tower
01:55 Farm
02:20 Arcane Tower
02:49 Farm
03:54 Keep
04:22 Lumber Mill
05:58 Farm
06:02 Arcane Vault
07:04 Workshop
07:12 Workshop
07:21 Workshop
08:15 Farm
10:13 Castle
10:17 Farm
» items
| Dust of Appearance | 1 | |
| Lesser Clarity Potion | 2 | |
3 total

»
sagj (
red | 61 APM | 929 actions | 15:08)
3 Blademaster
2 Wind Walk
1 Critical Strike
2 Shadow Hunter
1 Healing Wave
1 Hex
3 Tauren Chieftain
2 War Stomp
1 Endurance Aura
» actions
| Assign group hotkey | 60 | |
| Basic commands | 170 | |
| Build / train | 76 | |
| Enter build submenu | 15 | |
| Enter hero's abilities submenu | 7 | |
| Give item / drop item | 4 | |
| Right click | 270 | |
| Select / deselect | 194 | |
| Select group hotkey | 100 | |
| Use ability | 33 | |
929 total
» units
| Peon | 9 | |
| Grunt | 7 | |
| Shaman | 5 | |
| Flying Machine | 2 | |
23 total
» upgrades
| Pillage | 1 | |
| Armor | 2 | |
| Berserker Strength | 1 | |
| Shaman Training | 2 | |
| Reinforced Defenses | 2 | |
| Pulverize | 1 | |
9 total
» buildings
| Altar of Storms | 1 | |
| Orc Burrow | 4 | |
| Voodoo Lounge | 1 | |
| Barracks | 1 | |
| War Mill | 1 | |
| Stronghold | 1 | |
| Fortress | 2 | |
| Spirit Lodge | 2 | |
| Watch Tower | 2 | |
| Tauren Totem | 1 | |
16 total
» build order
00:09 Altar of Storms
00:23 Orc Burrow
00:53 Voodoo Lounge
01:32 Orc Burrow
01:51 Barracks
02:12 War Mill
03:26 Stronghold
04:04 Orc Burrow
06:00 Fortress
06:00 Fortress
08:11 Spirit Lodge
08:17 Orc Burrow
09:45 Watch Tower
09:54 Spirit Lodge
10:39 Tauren Totem
14:03 Watch Tower
» items
| Healing Salve | 1 | |
| Boots of Speed | 1 | |
| Orb of Lightning | 2 | |
| Scroll of Speed | 4 | |
8 total

»
Zytar123 (
green | 74 APM | 1112 actions | 15:02)
2 Pandaren Brewmaster
1 Breath of Fire
1 Drunken Haze
2 Lich
1 Frost Armor
1 Frost Nova
» actions
| Assign group hotkey | 10 | |
| Build / train | 37 | |
| Enter build submenu | 16 | |
| Enter hero's abilities submenu | 4 | |
| Give item / drop item | 3 | |
| Right click | 529 | |
| Select / deselect | 138 | |
| Select group hotkey | 332 | |
| Use ability | 43 | |
1112 total
» units
| Acolyte | 4 | |
| Ghoul | 4 | |
| Crypt Fiend | 2 | |
| Obsidian Statue | 2 | |
| Razormane Medicine Man | 1 | |
| Rifleman | 4 | |
| Frost Wyrm | 2 | |
19 total
» upgrades
| Creature Carapace | 3 | |
| Web | 1 | |
| Freezing Breath | 1 | |
5 total
» buildings
| Ziggurat | 6 | |
| Crypt | 1 | |
| Altar of Darkness | 1 | |
| Graveyard | 1 | |
| Halls of the Dead | 1 | |
| Tomb of Relics | 1 | |
| Nerubian Tower | 2 | |
| Slaughterhouse | 1 | |
| Black Citadel | 1 | |
| Sacrificial Pit | 1 | |
| Boneyard | 2 | |
18 total
» build order
00:09 Ziggurat
00:13 Crypt
01:00 Altar of Darkness
01:12 Graveyard
01:41 Ziggurat
03:10 Halls of the Dead
03:16 Tomb of Relics
03:49 Ziggurat
05:05 Nerubian Tower
05:12 Nerubian Tower
05:51 Ziggurat
06:22 Slaughterhouse
07:07 Black Citadel
08:15 Sacrificial Pit
10:19 Boneyard
10:26 Boneyard
12:20 Ziggurat
13:27 Ziggurat
» items
| Healing Salve | 1 | |
| Potion of Lesser Invulnerability | 2 | |
3 total
Chat log
(00:31 / Allies) Silva: units?
(00:36 / Allies) Silva: cc fo sho
(00:49 / Allies) brucewillisusa: lets tower wall, stay 50 food, go tri bm and bats
(00:57 / Allies) Silva: lmao
(00:59 / Allies) Silva: towers
(01:00 / Allies) Silva: fuck u
(01:02 / Allies) Silva: illleave right now
(01:05 / Allies) brucewillisusa: leave then
(01:09 / Allies) Silva: damnit
(01:14 / Allies) Silva: u called my bluff
(01:20 / Allies) zeke06: blademaster
(01:25 / Allies) Silva: farseer
(01:29 / All) Zytar123: you have no chance
(01:32 / All) brucewillisusa: y dat
(01:33 / All) Silva: why so?
(01:38 / All) Silva: lmao green ur mine
(01:40 / All) brucewillisusa: u gonna go dk fiends?
(01:42 / All) brucewillisusa: its imba...
(01:48 / Allies) Silva: ?
(01:51 / Allies) Silva: dk fiends is nub
(01:57 / All) Zytar123: save this replay
(02:01 / All) Zytar123: watch how its done son
(02:05 / All) brucewillisusa: dk fiends?
(02:07 / All) brucewillisusa: i know the cookie cut
(02:09 / All) brucewillisusa: every clown on bnet
(02:11 / All) brucewillisusa: apparently
(02:13 / All) brucewillisusa: knows dk fiends
(02:15 / All) Silva: lmao noob ill put money on this game paypal anyone?
(02:22 / All) Zytar123: all i hear is blue saying
(02:24 / All) Zytar123: i'm a virgin
(02:27 / All) Zytar123: all i hear
(02:31 / All) Silva: ur a fagget green
(02:37 / Allies) Silva: haras
(02:40 / All) Silva: o okay
(02:53 / All) Zytar123: hey teal
(02:54 / Allies) zeke06: idiot
(02:56 / All) Zytar123: gonna beat you quick
(02:57 / All) Silva: no green
(02:59 / All) Silva: leave me alone
(03:00 / All) Silva: panda
(03:02 / Allies) zeke06: blademaster
(03:18 / Allies) Silva: im dead
(03:18 / Allies) Silva: lol
(03:20 / Allies) Silva: gg
(03:33 / Allies) zeke06: hey stupid
(03:37 / Allies) Silva: me?
(03:39 / Allies) Silva: ol
(03:43 / Allies) zeke06: i say blademaster
(03:46 / Allies) Silva: ok
(03:51 / All) Silva: grene usuc
(03:54 / Allies) Silva: creep boys
(03:57 / Allies) zeke06: all blademaster
(03:57 / All) Zytar123: keep following son
(03:59 / All) Zytar123: you can get me
(04:03 / All) Silva: i will
(04:10 / All) Zytar123: come on you can do it dumb ass
(04:14 / All) Silva: im ocming
(04:18 / All) Silva: slow down asshole
(04:23 / All) Zytar123: come on bitch
(04:24 / All) Zytar123: almost there
(04:26 / All) Silva: im coming
(04:29 / Allies) Silva: cold tower
(04:30 / Allies) Silva: runm
(04:41 / All) Silva: lmao red
(04:45 / All) Silva: LMAO
(04:46 / All) Silva: HE TPED
(04:48 / All) Silva: A LEVEL 1 HERO
(04:50 / All) Silva: WOW UR SHIT
(04:54 / All) Silva: 350 gold nigga gg
(04:56 / All) Zytar123: waste more time teal
(04:58 / All) Zytar123: waste more time
(05:01 / All) moondoggie028: christ
(05:01 / All) Silva: ur shit noob lmao
(05:10 / All) Silva: wow ur shit
(05:46 / Allies) Silva: whos got melee?
(06:07 / Allies) Silva: whso got mele?
(06:32 / Allies) Silva: whos got melee?
(06:38 / Allies) brucewillisusa: not i said the pig
(06:41 / All) Silva: ornage is cleary garbage
(06:43 / Allies) brucewillisusa: not i said the cow
(06:49 / Allies) Silva: whos got melee?
(07:00 / All) Zytar123: purple
(07:02 / All) Zytar123: you my bitch son?
(07:02 / Allies) Silva: o
(07:05 / All) Silva: yes
(07:15 / All) Zytar123: teal isn't good enough to be my bitch
(07:18 / All) Zytar123: he's just a punk azz
(07:19 / All) Silva: o
(07:25 / All) Silva: lmaogreenu blow
(07:50 / Allies) Silva: out
(08:19 / Allies) Silva: weneed to clear mines
(08:39 / Allies) Silva: kilit
(08:41 / Allies) Silva: out
(08:42 / Allies) Silva: run
(08:43 / Allies) Silva: owned
(08:53 / Allies) Silva: want to hit they all have shit
(09:21 / All) Zytar123: heal plz
(09:24 / All) Silva: nope
(09:28 / Allies) Silva: ambush
(09:38 / Allies) Silva: they tucreepus
(09:41 / Allies) Silva: send units u fuck nobos allies
(09:43 / Allies) Silva: omg
(09:43 / Allies) Silva: wow
(09:56 / Allies) Silva: fckk
(09:58 / Allies) Silva: we have nothing
(10:18 / Allies) Silva: dude we guna have to stop them they got 8 heros that are level 5
(10:24 / Allies) brucewillisusa: im almost level 4
(10:26 / Allies) brucewillisusa: nto a noob liek u
(10:33 / Allies) Silva: i got units ..
(10:40 / Allies) Silva: i need like .5 exp for lvl 3
(10:50 / Allies) Silva: i got lvl 3 lol
(11:00 / Allies) Silva: nice man
(11:04 / All) Silva: oj doesnt have a castle yet lmao
(11:13 / All) Silva: u lose u fuck noob save this replay
(11:13 / Allies) Silva: out
(11:26 / All) Silva: pce noob fucker trash pigz
(11:49 / Allies) Silva: put plz
(11:51 / All) Silva: out
(11:55 / All) Silva: GREEN UR MINE LIL FUCK NOOB
(12:23 / Allies) Silva: frosties
(12:35 / All) brucewillisusa: u shoulda just gone dk fiends
(12:35 / All) Silva: green u seem to suck balls
(12:37 / All) brucewillisusa: uy blow with panda
(12:50 / All) Zytar123: red doesn't speak english
(12:53 / All) Zytar123: orange is a fucking jk
(12:58 / All) brucewillisusa: blame
(12:59 / All) Silva: u all fucking suck thats the problem green
(13:00 / All) brucewillisusa: rofl
(13:12 / Allies) Silva: letsmeet purp we fuckem now
(13:45 / Allies) Silva: fuck im dead
(13:46 / Allies) Silva: gg
(14:03 / Allies) Silva: i need help pleae
(14:17 / All) Zytar123: lol teal u suck
(14:19 / All) Silva: gg
(14:23 / All) Silva: w/e dick allies
(14:27 / Allies) Silva: i need a bit help
(14:29 / Allies) Silva: i alosmt got htem
(14:31 / All) Silva: wow i owned u both
(14:42 / Allies) Silva: help u fucks
(14:45 / All) Silva: u suck i win 2v1 lmao
(14:47 / All) Zytar123: you suck ass son
(14:53 / All) Silva: u lsoe uf uck noob
(14:55 / All) Zytar123: lucky your team carried you kid
(14:58 / All) Zytar123: go practice custom
(14:59 / All) Zytar123: bitch
(15:01 / All) Silva: i win u fuck u suck i owned u and red
(15:03 / All) Silva: go practice
(15:04 / All) Silva: los eon ur rec
(15:05 / All) Silva: noob
(15:08 / Allies) zeke06: hey idiot